Map: Lerilak Crest

Players

Bones

  • Race: Protoss Protoss

Zalot

  • Race: Protoss Protoss
  • League: Gold

billymayz

  • Race: Protoss Protoss

Frozzen

  • Race: Protoss Protoss
  • League: Gold

VOD

Have the link to the VOD?

Description

Time

  • Played on: Nov. 17, 2015, 7:57 p.m.
  • Length: 9:45
Show
View Real Time Build Order
Export as new Build Order

Bones Protoss 

Build Orders: Oracle Opening 

Get SALT Encoding   

  12  0:02  Probe (Chrono Boost)  
  13  0:17  Pylon  
  13  0:30  Probe (Chrono Boost)  
  14  0:40  Probe (Chrono Boost)  
  14  0:41  Gateway  
  15  0:49  Assimilator  
  15  0:51  Probe (Chrono Boost)  
  16  1:01  Probe (Chrono Boost)  
  17  1:12  Probe (Chrono Boost)  
  18  1:27  Gateway  
  18  1:30  Cybernetics Core  
  18  1:34  Zealot  
  18  1:35  Pylon  
  20  1:43  Probe (Chrono Boost)  
  22  1:54  Probe (Chrono Boost)  
  24  2:01  Zealot  
  24  2:04  Probe (Chrono Boost)  
  25  2:11  Assimilator  
  25  2:15  Probe (Chrono Boost)  
  26  2:16  Forge  
  26  2:26  Stargate  
  26  2:35  Probe (Chrono Boost)  
  26  2:41  Stalker  
  28  2:45  Probe (Chrono Boost)  
  29  2:51  Stalker  
  31  3:06  Warp Gate  
  31  3:07  Gateway  
  31  3:20  Pylon  
  31  3:39  Stalker (Chrono Boost), Nexus  
  33  3:47  Oracle  
  36  4:00  Stalker (Chrono Boost)  
  39  4:17  Adept (Chrono Boost)  
  39  4:35  Pylon  
  39  4:38  Pylon  
  39  4:40  Pylon  
  39  4:50  Probe  
  42  4:54  Adept (Chrono Boost)  
  42  4:59  Probe  
  43  5:08  Probe  
  43  5:10  Probe  
  45  5:17  Photon Cannon  
  45  5:20  Probe  
  42  5:24  Stargate  
  43  5:29  Void Ray (Chrono Boost)  
  43  5:31  Probe  
  39  5:41  Probe  
  33  6:00  Probe  
  34  6:12  Probe  
  35  6:24  Probe  
  36  6:26  Pylon  
  36  6:28  Probe  
  37  6:36  Probe  
  37  6:39  Probe  
  39  6:49  Probe  
  43  6:58  Oracle (Chrono Boost)  
  43  7:00  Probe  
  43  7:03  Probe  
  45  7:10  Probe  
  46  7:16  Probe  
  46  7:19  Stalker  
  46  7:20  Stalker  
  46  7:21  Probe  
  52  7:28  Probe  
  53  7:31  Stalker  
  55  7:40  Probe  
  56  7:46  Mothership Core  
  56  7:49  Stalker  
  60  7:52  Probe  
  61  8:05  Photon Cannon  
  61  8:19  Stalker  
  63  8:20  Photon Cannon  
  63  8:25  Pylon  
  63  8:30  Stalker  
  69  8:35  Stalker  
  69  8:36  Void Ray (Chrono Boost)  
  71  8:49  Stalker  
Show
View Real Time Build Order
Export as new Build Order

Zalot Protoss 

Build Orders: Oracle Opening 

Get SALT Encoding   

  12  0:01  Probe (Chrono Boost)  
  13  0:12  Probe (Chrono Boost)  
  14  0:19  Pylon  
  14  0:23  Probe (Chrono Boost)  
  15  0:38  Probe (Chrono Boost), Gateway  
  16  0:43  Assimilator  
  16  0:48  Probe (Chrono Boost)  
  17  0:59  Probe (Chrono Boost)  
  18  1:09  Probe (Chrono Boost), Pylon  
  19  1:20  Probe (Chrono Boost)  
  20  1:27  Cybernetics Core  
  20  1:30  Probe (Chrono Boost)  
  20  1:31  Assimilator  
  21  1:37  Pylon  
  21  1:41  Probe (Chrono Boost)  
  22  1:53  Probe (Chrono Boost)  
  23  2:04  Warp Gate (Chrono Boost)  
  23  2:06  Mothership Core (Chrono Boost)  
  25  2:23  Adept  
  25  2:24  Probe (Chrono Boost)  
  28  2:36  Probe  
  29  2:40  Stargate  
  29  2:50  Adept  
  31  2:56  Nexus  
  31  2:57  Probe  
  31  2:58  Pylon  
  32  3:10  Probe  
  33  3:14  Gateway  
  33  3:27  Oracle (Chrono Boost)  
  36  3:37  Adept  
  38  3:41  Probe  
  39  3:53  Probe  
  40  3:59  Oracle (Chrono Boost)  
  40  4:01  Pylon  
  43  4:03  Pylon  
  43  4:06  Probe  
  44  4:13  Probe  
  45  4:18  Probe  
  45  4:24  Probe  
  44  4:30  Probe  
  46  4:34  Probe  
  47  4:41  Robotics Facility  
  47  4:42  Probe  
  47  4:45  Stalker x2, Probe  
  52  4:46  Assimilator  
  52  4:47  Assimilator  
  52  4:53  Protoss Air Weapons Level 1  
  52  4:54  Probe  
  52  4:55  Probe  
  49  5:06  Probe x2  
  48  5:10  Stalker  
  48  5:11  Stalker  
  47  5:16  Probe  
  47  5:18  Probe, Pylon  
  49  5:27  Probe  
  49  5:30  Observer  
  49  5:31  Probe  
  52  5:37  Probe  
  52  5:41  Probe  
  53  5:48  Probe  
  55  5:52  Immortal (Chrono Boost), Probe  
  60  5:58  Probe  
  60  6:02  Probe  
  61  6:07  Pylon  
  61  6:09  Probe  
  63  6:12  Zealot  
  63  6:13  Stalker, Probe  
  68  6:23  Gateway  
  68  6:25  Probe  
  68  6:31  Observer (Chrono Boost)  
  70  6:42  Pylon  
  70  6:47  Twilight Council  
  70  6:49  Zealot x2  
  70  6:50  Immortal (Chrono Boost)  
  70  6:52  Probe  
  79  6:55  Probe  
  80  7:03  Probe  
  80  7:07  Probe  
  82  7:18  Zealot  
  82  7:19  Zealot  
  86  7:23  Sentry, Warp Prism (Chrono Boost)  
  90  7:41  Blink  
  90  7:42  Gateway  
  90  7:43  Stalker x2  
  94  7:46  Phoenix  
  94  7:50  Probe  
  96  7:54  Stalker  
  96  7:58  Forge  
  99  8:00  Probe, Pylon  
  100  8:08  Gateway  
  100  8:11  Phoenix  
  102  8:22  Pylon  
  102  8:28  Immortal (Chrono Boost)  
  102  8:32  Stalker x2  
  110  8:58  Nexus  
  110  9:00  Pylon  
  100  9:03  Pylon  
  91  9:12  Stalker  
  91  9:13  Stalker x3  
  86  9:31  Zealot  
  80  9:40  Stalker x3  
  80  9:41  Stalker  
Show
View Real Time Build Order
Export as new Build Order

billymayz Protoss 

Build Orders:  

Get SALT Encoding   

Show
View Real Time Build Order
Export as new Build Order

Frozzen Protoss 

Build Orders:  

Get SALT Encoding   

Tags
 
Add a new tag
Caveats
  • Supply blocks, unpowered buildings, or Contaminate may cause inaccurate times.
  • Supply counts are checked every 10 seconds.